 Dungeon Sprint DCSS version 0.31-a0-152-g6aa68a64a1 (webtiles) character file.

Game seed: 11186648680076906570

294 zazu2006 the Covert (level 6, -3/42 (53) HPs)
             Began as a Gnoll Wanderer on June 10, 2023.
             Was an Initiate of Vehumet.
             Slain by Sonja
             ... wielding a +0 dagger of draining
              (5 damage)
             ... in the Dungeon (Sprint I: "Red Sonja").
             The game lasted 00:02:25 (175 turns).

zazu2006 the Covert (Gnoll Wanderer)                 Turns: 175, Time: 00:02:25

HP:   -3/42 (53)    AC:  3    Str: 12    XL:     6   Next: 33%
MP:   12/12         EV: 13    Int: 10    God:    Vehumet [......]
Gold: 305           SH:  0    Dex: 14    Spells: 14/14 levels left

rFire   . . .        a - +1 dagger
rCold   . . .        (no shield)
rNeg    . . .        f - +0 leather armour
rPois   .            (no helmet)
rElec   .            (no cloak)
rCorr   .            (no gloves)
SInv    .            (no boots)
Will    .....        (no amulet)
Stlth   ++++         (no ring)
HPRegen 0.27/turn    (no ring)
MPRegen 0.13/turn

%: no teleportation
@: on berserk cooldown, slowed, heavily drained, very slow
A: fangs 1, strong nose, distributed training
a: Renounce Religion


You were in the Dungeon.
You worshipped Vehumet.
Vehumet was noncommittal.
You visited 1 branch You collected 305 gold pieces.

Inventory:

Hand Weapons
 a - a +1 dagger (weapon)
Missiles
 c - a datura-tipped dart
Armour
 f - a +0 leather armour (worn)
Wands
 l - a wand of flame (4)
Scrolls
 e - a scroll of fear
 k - a scroll of blinking
Potions
 h - a potion of haste
 i - 2 potions of magic
 m - a potion of degeneration {unknown}
 n - a potion of mutation {unknown}


   Skills:
 + Level 6.5 Fighting
 + Level 4.6 Short Blades
 + Level 4.6 Long Blades
 + Level 4.6 Axes
 + Level 4.6 Maces & Flails
 + Level 4.6 Polearms
 + Level 4.6 Staves
 + Level 4.6 Ranged Weapons
 + Level 4.6 Throwing
 + Level 4.6 Armour
 + Level 4.6 Dodging
 + Level 10.6 Stealth
 + Level 4.6 Shields
 + Level 8.1 Unarmed Combat
 + Level 4.6 Spellcasting
 + Level 3.8 Conjurations
 + Level 3.8 Hexes
 + Level 3.8 Summonings
 + Level 3.8 Necromancy
 + Level 3.8 Translocations
 + Level 3.8 Transmutations
 + Level 3.8 Fire Magic
 + Level 3.8 Ice Magic
 + Level 3.8 Air Magic
 + Level 3.8 Earth Magic
 + Level 3.8 Poison Magic
 + Level 5.0 Invocations
 + Level 4.6 Evocations


You had 14 spell levels left.
You didn't know any spells.
Your spell library was empty.

Dungeon Overview and Level Annotations

Branches:
Dungeon (1/1)

Altars:
Sif Muna
Vehumet
Wu Jian

Annotations:
D Sonja


Innate Abilities, Weirdness & Mutations

You have very sharp teeth.
Your uncanny sense of smell can sniff out nearby items.
Your experience applies equally to all skills.


Message History

You feel as though you will be slow longer.
Sonja throws a curare-tipped dart.
The curare-tipped dart barely misses you.
You feel better.
Sonja mumbles some strange words.
Sonja blinks!
Sonja shouts, "Too slow!"
Sonja mumbles some strange words.
Sonja blinks!
You see here 27 gold pieces.
Aiming: Throw Flame
Press: ? - help, Shift-Dir - straight line, f/p - Sonja
Aim: Sonja, wielding a +0 dagger of draining and quivering curare-tipped darts (lightly wounded, 33% to hit)
The puff of flame misses Sonja.
Sonja throws a curare-tipped dart.
The curare-tipped dart hits you.
You are poisoned.
You have difficulty breathing.
* * * LOW HITPOINT WARNING * * *
You feel as though you will be slow longer.
You feel better.
Sonja hits you with a +0 dagger of draining!
* * * LOW HITPOINT WARNING * * *
You feel drained.
* * * LOW HITPOINT WARNING * * *
Sonja misses you. Sonja hits you but does no damage.
You feel drained.
Aiming: Throw Flame
Press: ? - help, Shift-Dir - straight line, f/p - Sonja
Aim: Sonja, wielding a +0 dagger of draining and quivering curare-tipped darts (lightly wounded, 33% to hit)
The puff of flame hits Sonja.
Sonja is moderately wounded.
Sonja hits you with a +0 dagger of draining.
* * * LOW HITPOINT WARNING * * *
You feel drained.
* * * LOW HITPOINT WARNING * * *
Sonja hits you but does no damage.
You feel drained. Sonja barely misses you.
Sonja hits you with a +0 dagger of draining.
* * * LOW HITPOINT WARNING * * *
You feel drained. Sonja closely misses you.
Sonja hits you with a +0 dagger of draining.
You die...

#..#####'#####'#
#..# #..#...#.#
∆∆ #..#
####..##[# #..#
##'#_.+ #⌠⌠#
+..._# ####
#_.#'# ∆∆
##'#.#∆∆∆∆
##K### ∆ +@.$+∆∆
∆∆ ∆ #$($# ##.##
∆#+#∆ ∆∆∆∆∆
∆∆∆∆∆ ∆∆∆∆ ∆∆∆


You could see Sonja.

Vanquished Creatures
  Sigmund (D)
  An ogre (D)
  A jelly (D)
  Ijyb (D)
4 creatures vanquished.

Notes
Turn   | Place    | Note
-------+----------+-------------------------------------------
     0 | D        | Reached skill level 9 in Stealth
     0 | D        | zazu2006 the Gnoll Wanderer began the quest for the Orb.
     0 | D        | zazu2006 set off with the following items: a +1 dagger, an
                  | atropa-tipped dart, a datura-tipped dart, 2 potions of
                  | curing, a scroll of fear, a +0 leather armour, a potion of
                  | heal wounds, a potion of haste, 2 potions of magic, a
                  | potion of berserk rage, a scroll of blinking.
     0 | D        | Reached XP level 1. HP: 20/20 MP: 1/1
     2 | D        | Noticed Ijyb
     4 | D        | Killed Ijyb
     5 | D        | Reached skill level 1 in Short Blades
     5 | D        | Reached skill level 1 in Long Blades
     5 | D        | Reached skill level 1 in Axes
     5 | D        | Reached skill level 1 in Maces & Flails
     5 | D        | Reached skill level 1 in Polearms
     5 | D        | Reached skill level 1 in Staves
     5 | D        | Reached skill level 1 in Ranged Weapons
     5 | D        | Reached skill level 1 in Throwing
     5 | D        | Reached skill level 1 in Armour
     5 | D        | Reached skill level 1 in Dodging
     5 | D        | Reached skill level 1 in Shields
     5 | D        | Reached skill level 1 in Spellcasting
     5 | D        | Reached skill level 1 in Conjurations
     5 | D        | Reached skill level 1 in Hexes
     5 | D        | Reached skill level 1 in Summonings
     5 | D        | Reached skill level 1 in Necromancy
     5 | D        | Reached skill level 1 in Translocations
     5 | D        | Reached skill level 1 in Transmutations
     5 | D        | Reached skill level 1 in Fire Magic
     5 | D        | Reached skill level 1 in Ice Magic
     5 | D        | Reached skill level 1 in Air Magic
     5 | D        | Reached skill level 1 in Earth Magic
     5 | D        | Reached skill level 1 in Poison Magic
     5 | D        | Reached skill level 1 in Evocations
     5 | D        | Reached XP level 2. HP: 26/26 MP: 1/4
    41 | D        | Noticed an ogre
    43 | D        | Killed an ogre
    44 | D        | Reached skill level 5 in Fighting
    44 | D        | Reached skill level 10 in Stealth
    44 | D        | Reached XP level 3. HP: 33/33 MP: 4/7
    44 | D        | Reached XP level 4. HP: 39/39 MP: 4/8
    80 | D        | Noticed Sigmund
    82 | D        | Killed Sigmund
    83 | D        | Reached XP level 5. HP: 47/47 MP: 8/11
    83 | D        | Reached XP level 6. HP: 53/53 MP: 8/12
   124 | D        | Found a shimmering blue altar of Sif Muna.
   125 | D        | Found an ornate altar of the Wu Jian Council.
   126 | D        | Found a radiant altar of Vehumet.
   129 | D        | Reached skill level 5 in Invocations
   150 | D        | Became a worshipper of Vehumet
   161 | D        | Noticed Sonja
   169 | D        | HP: 1/49 [asphyx]
   175 | D        | HP: 2/44 [Sonja/+0 dagger of draining (2)]
   175 | D        | Slain by Sonja

Illustrated notes

Levels and vault maps discovered:
D:        dungeon_sprint_1 [red_sonja_temple_1, red_sonja_temple_small_1]

Skill      XL: |  1  2  3  4  5  6 |
---------------+-------------------+-----
Stealth        | 10 | 10.6
Short Blades   | 1 3 4 |  4.6
Long Blades    | 1 3 4 |  4.6
Axes           | 1 3 4 |  4.6
Maces & Flails | 1 3 4 |  4.6
Polearms       | 1 3 4 |  4.6
Staves         | 1 3 4 |  4.6
Ranged Weapons | 1 3 4 |  4.6
Throwing       | 1 3 4 |  4.6
Armour         | 1 3 4 |  4.6
Dodging        | 1 3 4 |  4.6
Shields        | 1 3 4 |  4.6
Spellcasting   | 1 3 4 |  4.6
Conjurations   | 1 2 3 |  3.8
Hexes          | 1 2 3 |  3.8
Summonings     | 1 2 3 |  3.8
Necromancy     | 1 2 3 |  3.8
Translocations | 1 2 3 |  3.8
Transmutations | 1 2 3 |  3.8
Fire Magic     | 1 2 3 |  3.8
Ice Magic      | 1 2 3 |  3.8
Air Magic      | 1 2 3 |  3.8
Earth Magic    | 1 2 3 |  3.8
Poison Magic   | 1 2 3 |  3.8
Invocations    | 2 3 4 5 |  5.0
Evocations     | 1 3 4 |  4.6
Fighting       | 5 6 |  6.5
Unarmed Combat | 7 8 |  8.1

Action                     |  1- 3 |  4- 6 || total
---------------------------+-------+-------++-------
  Melee: Dagger            |     2 |     2 ||     4
  Throw: Dart              |       |     1 ||     1
  Evoke: Wand              |       |     5 ||     5
    Use: Potion            |       |     4 ||     4
   Stab: Sleeping          |     2 |     1 ||     3
 Armour: Leather armour    |       |     2 ||     2
  Dodge: Dodged            |       |     6 ||     6

Table legend: (Time is in decaauts)
 A = Elapsed time spent in this place.
 B = Non-inter-level travel time spent in this place.
 C = Inter-level travel time spent in this place.
 D = Time resting spent in this place.
 E = Time spent auto-exploring this place.
 F = Levels seen in this place.
 G = Mean time per level.
                   A        B        C        D        E       F      G
               +--------+--------+--------+--------+--------+-----+--------+
         Total |    177 |    177 |      0 |     78 |      0 |   1 |  177.0 |
       Dungeon |    177 |    177 |      0 |     78 |      0 |   1 |  177.0 |
               +--------+--------+--------+--------+--------+-----+--------+

Top non-repeatable levels by time:
       D: 177 daAuts
